 Dungeon Crawl Stone Soup version 0.25.1-8-g42b30a86e7 (webtiles) character file.

Game seed: 5176851117739494283

5636 funkygono the Frost Mage (level 10, 0/81 HPs)
             Began as a Yellow Draconian Ice Elementalist on Dec 15, 2020.
             Was a Priest of Sif Muna.
             Slain by a vampire (4 damage)
             ... on level 9 of the Dungeon.
             The game lasted 00:24:32 (9613 turns).

funkygono the Frost Mage (DrIE)                     Turns: 9613, Time: 00:24:33

Health: 0/81       AC: 10    Str: 12    XL:     10   Next: 46%
Magic:  21/21      EV: 14    Int: 17    God:    Sif Muna [***...]
Gold:   400        SH:  0    Dex: 12    Spells: 12/23 levels left

rFire    + . .     SeeInvis .   c - +3 mace (protect)
rCold    + . .     Gourm    .   (no shield)
rNeg     . . .     Faith    .   (armour unavailable)
rPois    +         Spirit   .   (helmet restricted)
rElec    +         Reflect  .   x - +1 cloak
rCorr    +         Harm     .   n - +0 pair of gloves
MR       .....                  (no boots)
Stlth    ++........             (no amulet)
HPRegen  0.23/turn              (no ring)
MPRegen  0.17/turn              (no ring)

@: mighty, resistant
A: spit acid, unfitting armour, cold-blooded, acid resistance, AC +7
a: Breathe Acid, Channel Magic, Forget Spell, Renounce Religion


You were on level 9 of the Dungeon.
You worshipped Sif Muna.
Sif Muna was most pleased with you.
You were not hungry.

You visited 1 branch of the dungeon, and saw 9 of its levels.

You collected 400 gold pieces.

Inventory:

Hand Weapons
 a - a +0 short sword
 c - a +3 mace of protection (weapon)
 B - a +2 flail of protection
Missiles
 k - 150 stones (quivered)
Armour
 n - a +0 pair of gloves (worn)
 x - a +1 cloak (worn)
Jewellery
 r - a +6 ring of intelligence {unknown}
 u - an uncursed amulet of guardian spirit
 y - the amulet "Birigg" {Faith MR+ Dex+4 Slay+3}
   (You took it off an orc on level 8 of the Dungeon)

   [amulet of faith]

   It allows you to gain divine favour quickly.
   It affects your dexterity (+4).
   It affects your accuracy and damage with ranged weapons and melee attacks
   (+3).
   It affects your resistance to hostile enchantments.
Wands
 s - a wand of clouds (11)
 v - a wand of random effects (7)
Scrolls
 e - 4 scrolls of teleportation
 h - 3 scrolls of amnesia
 t - 5 scrolls of remove curse
 z - a scroll of enchant armour
Potions
 g - a potion of curing
 i - 2 potions of brilliance {unknown}
 j - a potion of stabbing
 l - 3 potions of flight
 m - 2 potions of berserk rage {unknown}
 o - 4 potions of mutation
 p - 2 potions of degeneration {unknown}
 q - 3 potions of magic
 w - 2 potions of lignification {unknown}
 A - a potion of haste {unknown}
 C - a potion of heal wounds {unknown}
Comestibles
 b - 13 rations


   Skills:
 + Level 5.2 Fighting
 + Level 0.2 Short Blades
 + Level 8.0 Maces & Flails
 + Level 5.5 Dodging
 - Level 1.7 Stealth
 + Level 7.4 Spellcasting
 + Level 0.4 Conjurations
 + Level 0.5 Charms
 + Level 8.9 Ice Magic


You had 12 spell levels left.
You knew the following spells:

 Your Spells              Type           Power        Failure   Level  Hunger
a - Freeze                Ice            ####         1%          1    None
b - Frozen Ramparts       Ice            #####.       1%          3    ##.....
c - Hailstorm             Conj/Ice       ###.....     16%         4    ####...
d - Ozocubu's Armour      Chrm/Ice       ###.....     4%          3    ##.....

Your spell library contained the following spells:

 Spells                   Type           Power        Failure   Level  Hunger
 Animate Skeleton         Necr           N/A          11%         1    None
 Apportation              Tloc           #.....       11%         1    None
 Corona                   Hex            #......      11%         1    None
 Shock                    Conj/Air       #...         11%         1    None
 Summon Small Mammal      Summ           #...         11%         1    None
 Swiftness                Chrm/Air       #.......     16%         2    None
 Summon Ice Beast         Ice/Summ       ###.....     19%         4    ####...
 Static Discharge         Conj/Air       #.......     30%         3    ##.....
 Airstrike                Air            #.........   73%         4    ####...
 Lightning Bolt           Conj/Air       #.........   96%         5    #####..


Dungeon Overview and Level Annotations

Branches:
Dungeon (8/15)             Temple (0/1) D:6            Lair (0/6) D:8

Altars:
Fedhas
Hepliaklqana
Kikubaaqudgha
Nemelex Xobeh
Qazlal
Sif Muna
Uskayaw
Wu Jian
Zin
The Shining One

Shops:
D:7 %

Annotations:
D:9 1 runed translucent door, gainzmaster's ghost, novice GrFi


Innate Abilities, Weirdness & Mutations

You can spit globs of acid.
Your golden yellow scales are hard. (AC +7)
You cannot fit into any form of body armour.
You are cold-blooded and may be slowed by cold attacks.
You are resistant to acid. (rCorr)


Message History

The vampire flickers and vanishes!
Deactivating autopickup; reactivate with Ctrl-A.
You hear some strange, mumbled words.
You are confused.
You bump into the rock wall.
You bump into the rock wall.
You bump into the rock wall.
Something hits you.
* * * LOW HITPOINT WARNING * * *
Something barely misses you.
You're too confused to move!
You feel less ready to backstab. Something hits you.
* * * LOW HITPOINT WARNING * * *
Something bites you.
* * * LOW HITPOINT WARNING * * *
Something draws strength from your injuries!
You feel better. Something hits you.
* * * LOW HITPOINT WARNING * * *
Something bites you.
You die...

## #.# ##.#.#
######.############...##
............)))........#
##..........########...#
#..........# #...#
##..........# #)..#
#...........# #.#.#
#...........########.#.#
#...........'...@....#.##
#...........##########..#
#......................>#
#.^...............#######
####..............#
#..............#
##..###.........#
##..##⌠##........#
##..##...##.......#


There were no monsters in sight!

Vanquished Creatures
  A death knight (D:8)
  A two-headed ogre (D:8)
  Sigmund (D:3)
  A hungry ghost (D:9)
  Edmund (D:5)
  4 orc warriors
  3 black bears
  3 necrophages
  An ice beast (D:8)
  A phantom (D:4)
  4 ogres
  A crocodile (D:8)
  2 centaurs
  A big kobold (D:8)
  5 bullfrogs
  A gnoll sergeant (D:6)
  A water moccasin zombie (D:8)
  4 scorpions
  A water moccasin skeleton (D:4)
  3 wights (D:8)
  4 howler monkeys
  2 crimson imps (D:5)
  A centaur zombie (D:7)
  6 hounds
  5 orc wizards
  A quasit (D:9)
  2 orc priests
  4 jellies
  2 bullfrog skeletons
  2 iguanas
  Natasha (thrice) (D:4)
  3 worker ants
  Ijyb (D:4)
  A killer bee zombie (D:8)
  A hound skeleton (D:8)
  A howler monkey zombie (D:9)
  A howler monkey skeleton (D:7)
  5 gnolls (D:6)
  17 adders
  2 shadow imps
  2 adder skeletons
  5 worms
  4 dart slugs
  3 leopard geckos
  15 orcs
  6 giant cockroaches
  8 goblins
  9 hobgoblins
  10 jackals
  7 kobolds
  4 quokkas
  7 bats
  7 frilled lizards
  A jackal skeleton (D:6)
  A leopard gecko zombie (D:5)
  5 rats
198 creatures vanquished.

Vanquished Creatures (others)
  26 fungi (D:8)
  4 plants (D:8)
30 creatures vanquished.

Grand Total: 228 creatures vanquished

Notes
Turn   | Place    | Note
-------+----------+-------------------------------------------
     0 | D:1      | funkygono the Draconian Ice Elementalist began the quest
                  | for the Orb.
     0 | D:1      | Reached XP level 1. HP: 14/14 MP: 3/3
    46 | D:1      | Reached XP level 2. HP: 5/20 MP: 1/5
  1193 | D:2      | Reached XP level 3. HP: 26/27 MP: 2/6
  1207 | D:2      | Reached skill level 1 in Fighting
  1355 | D:2      | Learned a level 3 spell: Frozen Ramparts
  1440 | D:2      | Reached XP level 4. HP: 35/35 MP: 7/7
  1566 | D:2      | Reached skill level 5 in Ice Magic
  1624 | D:2      | Reached skill level 1 in Maces & Flails
  2101 | D:3      | Found a sparkling altar of Nemelex Xobeh.
  2194 | D:3      | Noticed Sigmund
  2231 | D:3      | Killed Sigmund
  2231 | D:3      | Reached XP level 5. HP: 36/41 MP: 4/10
  2231 | D:3      | Reached XP level 6. HP: 43/48 MP: 4/11
  2447 | D:3      | Found a shimmering blue altar of Sif Muna.
  2899 | D:3      | Became a worshipper of Sif Muna the Loreminder
  2994 | D:4      | Noticed Natasha
  2999 | D:4      | Killed Natasha
  3227 | D:4      | Noticed Natasha
  3235 | D:4      | Killed Natasha
  3236 | D:4      | Noticed Natasha
  3245 | D:4      | Killed Natasha
  3434 | D:4      | Your scales start taking on a golden yellow colour.
  3434 | D:4      | Reached XP level 7. HP: 54/55 MP: 10/13
  3434 | D:4      | Gained mutation: You are resistant to acid. (rCorr) [Yellow
                  | Draconian growth]
  3456 | D:4      | Noticed Ijyb
  3464 | D:4      | Killed Ijyb
  3761 | D:4      | Reached * piety under Sif Muna
  4435 | D:5      | Entered Level 5 of the Dungeon
  4554 | D:5      | Noticed Edmund
  4580 | D:5      | Killed Edmund
  4580 | D:5      | Reached XP level 8. HP: 28/63 MP: 7/15
  5002 | D:5      | Found a hide-covered altar of Uskayaw.
  5002 | D:5      | Found an ornate altar of the Wu Jian Council.
  5066 | D:5      | Found a hazy altar of Hepliaklqana.
  5125 | D:5      | Found an ancient bone altar of Kikubaaqudgha.
  5152 | D:5      | Found a blossoming altar of Fedhas.
  5311 | D:5      | Reached skill level 5 in Spellcasting
  5417 | D:5      | Learned a level 4 spell: Hailstorm
  5421 | D:5      | Learned a level 3 spell: Ozocubu's Armour
  5706 | D:6      | Found a stormy altar of Qazlal.
  5707 | D:6      | Noticed an air elemental
  6154 | D:6      | Reached skill level 5 in Maces & Flails
  6315 | D:6      | Reached ** piety under Sif Muna
  6363 | D:6      | Found a staircase to the Ecumenical Temple.
  6456 | D:7      | Reached XP level 9. HP: 70/70 MP: 13/17
  6746 | D:7      | Found Kaeph's Food Shoppe.
  7118 | D:7      | Found a glowing silver altar of Zin.
  7122 | D:7      | Found a hazy altar of Hepliaklqana.
  7552 | D:8      | Noticed a two-headed ogre
  7561 | D:8      | Killed a two-headed ogre
  7723 | D:8      | Reached *** piety under Sif Muna
  7939 | D:8      | Reached skill level 5 in Dodging
  7944 | D:8      | Reached XP level 10. HP: 24/79 MP: 15/20
  8237 | D:8      | Identified the amulet "Birigg" {Faith MR+ Dex+4 Slay+3}
  8378 | D:8      | Found a staircase to the Lair.
  8665 | D:8      | Found a glowing golden altar of the Shining One.
  8693 | D:8      | Noticed a death knight
  8785 | D:8      | Killed a death knight
  8785 | D:8      | Reached skill level 5 in Fighting
  9232 | D:8      | You fall into a shaft and drop 1 floor!
  9488 | D:9      | Noticed gainzmaster's ghost (novice GrFi)
  9491 | D:9      | Found a runed translucent door.
  9612 | D:9      | HP: 2/81 [something (3)]
  9613 | D:9      | Slain by a vampire

Illustrated notes

Levels and vault maps discovered:
D:1:      tarquinn_simple_flora_water_f, layout_basic
D:2:      layout_rooms, minmay_heptomino_w4
D:3:      layout_basic, lemuel_round_altar, nicolae_overflow_crystal_walls,
          first_ration, uniq_sigmund
D:4:      kb_forest_paths, layout_basic, uniq_ijyb, uniq_natasha
D:5:      layout_loops_cross, overflow_temple_1_default, kennysheep_little_box,
          gammafunk_temple_overflow_pools, basic_altar, uniq_edmund
D:6:      layout_basic, nicolae_qazlal_style_of_elements, temple_green
D:7:      layout_cave_pods, grunt_temple_overflow_open, serial_shops,
          nicolae_shop_stone, serial_bayou_pond_a
D:8:      layout_rooms, tso_oasis_becter, grunt_lair_entry_orc_guard_hut,
          minmay_sticks_and_stones
D:9:      layout_basic, hellmonk_ghost_happy_afterlife, uniq_erolcha

Skill      XL: |  1  2  3  4  5  6  7  8  9 10 |
---------------+-------------------------------+-----
Fighting       | 1 2 3 4 5 |  5.2
Ice Magic      | 5 6 7 8 |  8.9
Dodging        | 2 3 5 |  5.5
Maces & Flails | 1 2 3 5 7 8 |  8.0
Spellcasting   | 3 4 5 6 7 |  7.4
Short Blades   | |  0.2
Stealth        | |  1.7
Conjurations   | |  0.4
Charms         | |  0.5

Action                   |  1- 3 |  4- 6 |  7- 9 | 10-12 || total
-------------------------+-------+-------+-------+-------++-------
Melee: Short sword       |     7 |       |       |       ||     7
       Unarmed           |     1 |       |       |       ||     1
       Mace              |    45 |    57 |   272 |    93 ||   467
       Tailslap          |     4 |     8 |    27 |    12 ||    51
 Cast: Freeze            |    26 |    19 |    17 |       ||    62
       Frozen Ramparts   |       |    14 |    34 |    14 ||    62
       Hailstorm         |       |       |     4 |       ||     4
       Ozocubu's Armour  |       |       |     1 |     2 ||     3
 Abil: Breathe Acid      |       |       |     2 |     2 ||     4
  Use: Scroll            |     4 |     2 |    11 |       ||    17
       Potion            |       |       |       |     6 ||     6
 Stab: Sleeping          |     1 |     2 |     3 |       ||     6
  Eat: Chunk             |     2 |     8 |    14 |     2 ||    26
       Ration            |       |       |     1 |     2 ||     3
Armor: Skin              |    25 |    26 |   122 |    51 ||   224
Dodge: Dodged            |    51 |    37 |   231 |    72 ||   391
